 Dungeon Crawl Stone Soup version 0.29-a0-632-g781b4ac09e (webtiles) character file.

Game seed: 461460787040257068

35 BritishOli the Skirmisher (level 3, -4/29 HPs)
             Began as a Demonspawn Fighter on June 18, 2022.
             Slain by Sigmund
             ... wielding a +0 scythe
              (8 damage)
             ... on level 2 of the Dungeon.
             The game lasted 00:01:49 (916 turns).

BritishOli the Skirmisher (Demonspawn Fighter)       Turns: 916, Time: 00:01:50

Health: -4/29      AC:  6    Str: 18    XL:     3   Next: 16%
Magic:  3/3        EV: 13    Int:  9    God:
Gold:   94         SH:  0    Dex: 12    Spells: 2/2 levels left

rFire   . . .      SeeInvis +   a - +0 long sword
rCold   . . .      Faith    .   c - +0 buckler
rNeg    . . .      Spirit   .   b - +0 scale mail
rPois   .          Reflect  .   (no helmet)
rElec   .          Harm     .   (no cloak)
rCorr   .          Rampage  .   (no gloves)
Will    .....                   (no boots)
Stlth   ..........              (no amulet)
HPRegen 0.09/turn               l - +4 ring of evasion
MPRegen 0.08/turn               g - ring of see invisible

@: confused
A: demonic touch 2
a: no special abilities


You were on level 2 of the Dungeon.
You visited 1 branch of the dungeon, and saw 2 of its levels.

You collected 94 gold pieces.

Inventory:

Hand Weapons
 a - a +0 long sword (weapon)
Armour
 b - a +0 scale mail (worn)
 c - a +0 buckler (worn)
Jewellery
 g - a ring of see invisible (right hand)
 k - a ring of wizardry
 l - a +4 ring of evasion (left hand)
Scrolls
 f - a scroll of fear {unknown}
 h - a scroll of brand weapon {unknown}
 i - a scroll of enchant weapon {unknown}
 j - a scroll of vulnerability {unknown}
Potions
 d - a potion of might
 e - a potion of flight {unknown}


   Skills:
 + Level 3.3 Fighting
 + Level 2.2 Long Blades
 + Level 3.0 Armour
 + Level 3.0 Shields


You had 2 spell levels left.
You didn't know any spells.
Your spell library was empty.

Dungeon Overview and Level Annotations

Branches:
Dungeon (2/15)

Altars:

Annotations:
D:2 Sigmund


Innate Abilities, Weirdness & Mutations

Your touch may inflict irresistible damage on your foes.


Message History

Sigmund completely misses you.
You closely miss Sigmund.
Sigmund is moderately wounded.
You block Sigmund's attack.
You closely miss Sigmund.
Sigmund is moderately wounded.
Sigmund barely misses you.
You barely miss Sigmund.
Sigmund is moderately wounded.
Sigmund closely misses you.
You closely miss Sigmund.
Sigmund is moderately wounded.
Sigmund closely misses you.
You hit Sigmund.
Sigmund is heavily wounded.
Sigmund hits you with a +0 scythe.
You barely miss Sigmund.
Sigmund is heavily wounded.
You block Sigmund's attack.
You hit Sigmund.
Sigmund is severely wounded.
You hit Sigmund.
Sigmund is severely wounded.
Sigmund drinks a potion.
Sigmund is healed!
Sigmund closely misses you.
You hit Sigmund but do no damage. You hit Sigmund but do no damage.
Sigmund gestures at you while chanting.
You are confused.
Sigmund hits you with a +0 scythe.
You bump into the rock wall.
You barely miss Sigmund. Sigmund misses you.
You bump into the rock wall.
Sigmund hits you with a +0 scythe.
You bump into the rock wall.
Sigmund gestures at you while chanting.
You are more confused.
Sorry, you're not good enough to have a special ability.
You bump into the rock wall.
Sigmund hits you with a +0 scythe.
* * * LOW HITPOINT WARNING * * *
Sigmund hits you with a +0 scythe!
You die...

#.# #.##.##.#.#. #.#
#.##.......#
###.#####.#####.....
#......##.##.......#
#.#.##.##.......##.#
#########.#....#####.##.##.#
##.........####..........##.#
........#..####.#####.......#
#.......@@...# #.#####.#
#......####### ##.......#
#.....## #...###### ##...##
#...# ## ....## #...#####.
...##.# #####......... .....
#.# #...........#. (... ..#
............>... ... ..#
#.#...........#.


You could see Sigmund (invisible).

Vanquished Creatures
  2 bats
  5 endoplasms
  3 giant cockroaches
  2 goblins
  5 hobgoblins
  2 jackals (D:1)
  A quokka (D:1)
  A ball python (D:2)
  3 frilled lizards
  3 kobolds
  3 rats (D:1)
30 creatures vanquished.

Notes
Turn   | Place    | Note
-------+----------+-------------------------------------------
     0 | D:1      | BritishOli the Demonspawn Fighter began the quest for the
                  | Orb.
     0 | D:1      | Reached XP level 1. HP: 18/18 MP: 1/1
   166 | D:1      | Gained mutation: Your touch may inflict minor irresistible
                  | damage on your foes. [demonic ancestry]
   166 | D:1      | Reached XP level 2. HP: 24/24 MP: 2/2
   517 | D:1      | You fall into a shaft and drop 1 floor!
   638 | D:2      | Found a faded altar of an unknown god.
   713 | D:2      | Gained mutation: Your touch may inflict irresistible damage
                  | on your foes. [demonic ancestry]
   713 | D:2      | Reached XP level 3. HP: 23/29 MP: 3/3
   868 | D:2      | Noticed Sigmund
   916 | D:2      | Slain by Sigmund

Illustrated notes

Levels and vault maps discovered:
D:1:      minmay_arrival_semitransparent, layout_basic, minmay_pentomino_q4
D:2:      layout_loops_cross, shapermc_ecumenical_altar_acropolis, uniq_sigmund,
          uniq_natasha

Skill      XL: |  1  2 |
---------------+-------+-----
Long Blades    | 2 |  2.2
Shields        | 3 |  3.0
Armour         | 3 |  3.0
Fighting       | |  3.3

Action                   || total
-------------------------++-------
Melee: Long sword        ||    95
Armor: Scale mail        ||    43
Dodge: Dodged            ||    48
Block: Buckler           ||    14

Table legend: (Time is in decaauts)
 A = Elapsed time spent in this place.
 B = Non-inter-level travel time spent in this place.
 C = Inter-level travel time spent in this place.
 D = Time resting spent in this place.
 E = Time spent auto-exploring this place.
 F = Levels seen in this place.
 G = Mean time per level.
                   A        B        C        D        E       F      G
               +--------+--------+--------+--------+--------+-----+--------+
         Total |    947 |    947 |      0 |      0 |    703 |   2 |  473.5 |
       Dungeon |    947 |    947 |      0 |      0 |    703 |   2 |  473.5 |
               +--------+--------+--------+--------+--------+-----+--------+

Top non-repeatable levels by time:
     D:1: 531 daAuts
     D:2: 416 daAuts
